me, lawful female human Valkyrie ---- ----- ------------ ----- ---..| |...| |..........------....| |....| --...---...-----...--.|.....| --- ---...-- --.....%.)--- |.........---- ...| |....--- |.....)..-- -------.......| ....---.--...| ---.|....>. |..-- |...)...- .........|---.--- --|.----.--....--........ ......----- |...| |.| |...|..........-- ....)[.-- ---.--- |.| |-..|..........- -....).^| |...| |.| |.............. . --..[<-- ---.--- |.| |............. |.....| |...-- |.| |.............- .--)^.--- ---..| |.| ---...........| -..%..| |...--|.| ------......-- ..|...- -.....|.-- |.....h.-- |... |.........| ....@..| --- .........-- .---..| --......| ---- -.--..| --- me the Fighter Experience level: 6 Strength: 18/01 Dexterity: 11 Constitution: 18 Intelligence: 8 Wisdom: 9 Charisma: 9 Health: 0(63) Energy: 14(15) Def: 6 Gold: 581 Moves: 3766 Dungeon seed: onuRvLCL_n3pM5KZ Game ID: me_1478695161 Your Inventory: Coins $ - 581 gold pieces Weapons a - a +1 long sword (weapon in hand) b - a +0 dagger k - 20 +0 arrows (in quiver) t - a +0 bow A - a +0 crossbow B - 12 +1 crossbow bolts Armor e - an uncursed +3 small shield (being worn) r - an uncursed +0 orcish ring mail (being worn) y - an uncursed +0 elven leather helm (being worn) z - an uncursed +0 pair of iron shoes (being worn) N - a cursed -3 dwarvish cloak (being worn) Comestibles c - an uncursed food ration h - an uncursed eucalyptus leaf C - an uncursed gnome corpse Scrolls l - an uncursed scroll of taming v - a blessed scroll of magic mapping Spellbooks m - an uncursed spellbook of magic missile Potions f - an uncursed potion of monster detection j - an uncursed potion of speed p - an uncursed potion of full healing Rings g - a cursed -2 ring of adornment E - an uncursed ring of warning Tools d - an uncursed oil lamp (lit) (0:457) i - an uncursed skeleton key u - a +0 pick-axe w - an uncursed magic whistle Gems n - an uncursed worthless piece of yellow glass q - an uncursed worthless piece of red glass D - an uncursed worthless piece of yellowish brown glass Y - an uncursed worthless piece of violet glass Spells and supernatural/magical abilities: Name Level Category Fail Memory m - magic missile 2 attack 100% 89% W - pray for help -- divine ? -- Your skills at the end: Fighting Skills Weapon Skills dagger [Basic] long sword [Basic] Spellcasting Skills Final Attributes: You were aligned. You were cold resistant. You were stealthy. You are dead. Vanquished creatures: a gnome king a bugbear a rock mole a pony a shrieker 4 gnome lords a floating eye 4 dwarves a homunculus a kobold shaman 3 hill orcs 2 giant bats 2 orc zombies a dwarf zombie 3 iguanas an acid blob a coyote 2 hobbits 2 manes a large kobold 2 hobgoblins 4 cave spiders a brown mold a green mold a red mold 15 gnomes 2 garter snakes 2 geckos 9 jackals 2 kobolds 3 goblins 3 sewer rats 7 grid bugs 2 lichens 4 newts 92 creatures vanquished. Voluntary challenges: You had been an atheist until turn 2652. You used a wielded weapon 95 times, starting on turn 81. You read items or engraved 2 times, starting on turn 1367. You never genocided any monsters. You never polymorphed an object. You never changed form. You used no wishes. You never split a pudding. You never wrote Elbereth's name. You violated your moral code, losing 51 points of alignment, starting on turn 3173. Dungeon overview: The Dungeons of Doom: levels 1 to 6 Level 1 a long staircase Level 2 stairs to The Gnomish Mines Level 3 a general store Level 4 Level 5 Level 6 The Gnomish Mines: levels 3 to 4 Level 3 stairs to The Dungeons of Doom Level 4 <- You were here History has recorded: On T:1 you entered the Dungeons of Doom to retrieve the Amulet of Yendor! On T:436 you reached level 2 of The Dungeons of Doom. On T:463 you advanced to experience level 2. On T:687 you advanced to experience level 3. On T:849 you reached level 3 of The Dungeons of Doom. On T:1318 you reached level 4 of The Dungeons of Doom. On T:1695 you advanced to experience level 4. On T:1768 you reached level 5 of The Dungeons of Doom. On T:2422 you reached level 6 of The Dungeons of Doom. On T:2478 you advanced to experience level 5. On T:2934 you reached level 1 of The Gnomish Mines. On T:3039 you advanced to experience level 6. On T:3535 you reached level 2 of The Gnomish Mines. Score breakdown: Gold: 581 ( 9405 points) Experience: 6 levels (12456 points) Exploration: 6 levels ( 12.00%) ( 9583 points) Discoveries: 5 items ( 2.04%) ( 4285 points) Valuables value: (no points given unless you survive) Artifact value: 0 ( 0 points) Variety of kills: 35 monsters ( 9.19%) ( 9092 points) Turncount: 3766 turns ( -935 points) Survival: died (score multiplied by 80%) Total score: 35108 Latest messages: You miss the gnome lord. The gnome lord swings his mace. The gnome lord hits! You hit the gnome lord! The gnome lord swings his mace. The gnome lord hits! You kill the gnome lord! You have a little trouble lifting E - a pearl ring. There are a few more objects here. This gnome lord corpse tastes terrible! You finish eating the gnome lord corpse. You are carrying too much to get through. You miss the dwarf king. (2x) The dwarf king wields a mace! The dwarf king swings his mace. The dwarf king hits! The dwarf king swings his mace. The dwarf king hits! The dwarf king swings his mace. The dwarf king hits! You die... Final status: Farvel me the Valkyrie, killed by a dwarf king... You died in The Gnomish Mines on dungeon level 4 with 35108 points, and 581 pieces of gold, after 3766 moves. You were level 6 with a maximum of 63 hit points when you died.